SCURSCUM, neutral female scurrid Tourist <.| .I .^| .`. ..| .I SCURSCUM the Sightseer Experience level: 4 Strength: 11 Dexterity: 13 Constitution: 14 Intelligence: 13 Wisdom: 8 Charisma: 17 Health: 0(25) Energy: 12(12) Def: 7 Gold: 1191 Moves: 642 Dungeon seed: 1Zr6y8X1YIAAo1qW Game ID: SCURSCUM_1498712348 Your Inventory: Coins $ - 1191 gold pieces Amulets w - a cursed amulet of restful sleep Weapons a - 38 uncursed +2 darts (in quiver) Armor e - an uncursed +0 Hawaiian shirt q - an uncursed +1 dwarvish iron helm (being worn) r - an uncursed +0 dwarvish roundshield (being worn) y - a blessed +1 pair of iron shoes (being worn) Comestibles b - 2 uncursed tripe rations c - 3 uncursed food rations d - an uncursed chestnut f - 2 uncursed lembas wafers g - an uncursed cram ration h - an uncursed egg Scrolls j - 3 uncursed scrolls of magic mapping v - an uncursed scroll of scare monster Potions t - an uncursed potion of object detection u - an uncursed potion of water C - an uncursed potion of paralysis D - a cursed potion of object detection P - an uncursed potion of healing Wands m - an uncursed wand of secret door detection (0:12) M - an uncursed wand of striking (0:5) W - an uncursed wand of speed monster (0:2) Tools k - an uncursed expensive camera (0:44) l - an uncursed credit card n - an uncursed tin opener (alternate weapon; not wielded) p - an uncursed tooled horn E - an uncursed mirror Spells and supernatural/magical abilities: Name Level Category Fail Memory W - pray for help -- divine ? -- Your skills at the end: Miscellaneous Skills wands [Basic] Weapon Skills dart [Basic] Spellcasting Skills Final Attributes: You were devoutly aligned. You were blinded. You had infravision. You were stealthy. You were fast. You are dead. Vanquished creatures: a water nymph a gnome lord 2 dwarves a gas spore a hobbit a gecko 2 giant rats 5 gnomes a fox 3 newts a goblin 19 creatures vanquished. Voluntary challenges: You did not adorn yourself with jewelry or accessories. You did not cause conflict. You were not invisible. You did not have reflection. You were not displaced. You were an atheist. You never hit with a wielded weapon. You did not use containers. You did not apply a unicorn horn. You did not use sinks. You read items or engraved 3 times, starting on turn 331. You never genocided any monsters. You never polymorphed an object. You never changed form. You used no wishes. You never split a pudding. You never wrote Elbereth's name. You violated your moral code, losing 1 point of alignment, starting on turn 459. Dungeon overview: The Dungeons of Doom: levels 1 to 25 Level 1 a long staircase Level 2 a general store Level 3 a fountain stairs to The Gnomish Mines Level 4 Level 5 Level 6 Level 7 Level 8 Level 9 Level 10 a fountain Level 11 a fountain Level 12 Level 13 Level 14 Level 15 a fountain Level 16 Level 17 Level 18 Level 19 Level 20 Level 21 Level 22 Level 23 Level 24 <- You were here Level 25 The Gnomish Mines: levels 4 to 5 Level 4 stairs to The Dungeons of Doom Level 5 History has recorded: On T:1 you entered the Dungeons of Doom to retrieve the Amulet of Yendor! On T:177 you reached level 2 of The Dungeons of Doom. On T:327 you reached level 3 of The Dungeons of Doom. On T:387 you advanced to experience level 2. On T:443 you reached level 1 of The Gnomish Mines. On T:451 you advanced to experience level 3. On T:481 you reached level 2 of The Gnomish Mines. On T:506 you advanced to experience level 4. On T:548 you reached level 4 of The Dungeons of Doom. On T:551 you reached level 5 of The Dungeons of Doom. On T:559 you reached level 6 of The Dungeons of Doom. On T:564 you reached level 7 of The Dungeons of Doom. On T:567 you reached level 8 of The Dungeons of Doom. On T:574 you reached level 9 of The Dungeons of Doom. On T:576 you reached level 10 of The Dungeons of Doom. On T:578 you reached level 11 of The Dungeons of Doom. On T:582 you reached level 12 of The Dungeons of Doom. On T:584 you reached level 13 of The Dungeons of Doom. On T:586 you reached level 14 of The Dungeons of Doom. On T:590 you reached level 15 of The Dungeons of Doom. On T:599 you reached level 16 of The Dungeons of Doom. On T:603 you reached level 17 of The Dungeons of Doom. On T:603 you entered the Rogue tribute level. On T:606 you reached level 18 of The Dungeons of Doom. On T:609 you reached level 19 of The Dungeons of Doom. On T:612 you reached level 20 of The Dungeons of Doom. On T:614 you reached level 21 of The Dungeons of Doom. On T:616 you reached level 22 of The Dungeons of Doom. On T:621 you reached level 23 of The Dungeons of Doom. On T:625 you reached level 24 of The Dungeons of Doom. On T:627 you reached level 25 of The Dungeons of Doom. Score breakdown: Gold: 214 ( 21 points) Experience: 4 levels ( 300 points) Exploration: 25 levels ( 720 points) Discoveries: 14 items ( 700 points) Variety of kills: 11 monsters ( 550 points) Major goal: (nothing yet) ( 0 points) Survival: died (score multiplied by 3) Total score: 6873 Latest messages: You feel much better. You are blinded by the flash! You try to feel what is lying here on the floor. There is a staircase down here. You feel here a statue of a knight named Perseus. You sense a monster nearby! (3x) Something just misses! Something engulfs you! You hit it. (15x) You get expelled! You try to feel what is lying here on the floor. There is a staircase down here. You feel here a statue of a knight named Perseus. You hear a nearby zap. The magic missile hits you! You die... Final status: Aloha SCURSCUM the Tourist, killed by a magic missile... You died in The Dungeons of Doom on dungeon level 24 with 6873 points, and 1191 pieces of gold, after 642 moves. You were level 4 with a maximum of 25 hit points when you died.